cohdb
Replays
Latest Replays
All Replays
Popular Replays
Top Player Replays
Match Explorer
How It Works
Community
CoH3 Stats
Reddit
Sign in to upload your games and track your stats! →
Sign in with Steam
Match 41408269
Unlisted
Match 41408269
Overview
Messages
Build Orders
End
Kettenkrad Recon Vehicle
Construct Infanterie Kompanie
Selects Terror Battlegroup
MG 42 Machine Gun Team
Grenadier Squad
Selects Machine Gun Camouflage
Construct Luftwaffe Kompanie
Jäger Squad
Selects Contempt for the Weak
MG 42 Machine Gun Team
Jäger Squad
Grenadier Squad
221 Scout Car
Luftwaffe Officer Quarters
Support Elements
Wirbelwind Flakpanzer
Selects Propaganda Leaflet Drop
Propaganda Leaflet Drop
Marder III M Tank Destroyer
Construct Panzergrenadier Kompanie
Nebelwerfer 42 Rocket Launcher Team
Pioneer Squad
Grenadier Squad
Panzergrenadier Squad
StuG III G Assault Gun
StuG III G Assault Gun
Medical Bunker
Selects No Quarter
Propaganda Leaflet Drop
Construct Panzer Kompanie
MG 42 Machine Gun Team
Side Skirts
Stoßtruppen Squad
BJ4
kenleung
破晓泪
partondis
[HAN]Diederick Kastner
243437346
宝多六花
帝国の突撃隊
0
0
Comments
sign in to comment!
No comments posted yet!